[Event "ICC tourney 1987 (15 5)"]
[Site "Internet Chess Club"]
[Date "2020.08.30"]
[Round "7"]
[White "kansashog"]
[Black "BreatheChessAls"]
[Result "0-1"]
[ICCResult "White forfeits on time"]
[WhiteElo "1898"]
[BlackElo "1941"]
[Opening "English opening"]
[ECO "A15"]
[NIC "KI.75"]
[Time "18:01:29"]
[TimeControl "900+5"]

1. c4 Nf6 2. Nf3 g6 3. g3 Bg7 4. Bg2 O-O 5. O-O c6 6. d4 d6 7. Nc3 Bg4 8. h3
Bxf3 9. Bxf3 Nbd7 10. e4 Qa5 11. Qc2 e5 12. d5 cxd5 13. Nxd5 Nxd5 14. cxd5
f5 15. Bd2 Qd8 16. Rac1 Rc8 17. Qxc8 Qxc8 18. Rxc8 Rxc8 19. Rc1 Rxc1+ 20.
Bxc1 Nc5 21. exf5 gxf5 22. Be2 e4 23. g4 fxg4 24. hxg4 Be5 25. b4 Na4 26.
Bd2 Bc3 27. Bxc3 Nxc3 28. Bc4 Kf7 29. f4 exf3 30. Kf2 Ne4+ 31. Ke3 Ng5 32.
Kf4 Kf6 33. a3 h6 34. a4 Nf7 35. a5 Ne5 36. Bf1 b6 37. axb6 axb6 38. Ba6 f2
39. Kg3 Kg5 40. Kxf2 Nxg4+ 41. Kf3 h5 {White forfeits on time} 0-1

[Event "ICC tourney 1987 (15 5)"]
[Site "Internet Chess Club"]
[Date "2020.08.30"]
[Round "7"]
[White "rjc64uk"]
[Black "Plato"]
[Result "1/2-1/2"]
[ICCResult "Game drawn by repetition"]
[WhiteElo "2103"]
[BlackElo "2079"]
[Opening "Sicilian: Kan, Swiss cheese variation"]
[ECO "B42"]
[NIC "SI.42"]
[Time "18:01:26"]
[TimeControl "900+5"]

1. e4 c5 2. Nf3 e6 3. d4 cxd4 4. Nxd4 a6 5. Bd3 g6 6. O-O Bg7 7. Be3 Ne7 8.
Nc3 d5 9. exd5 exd5 10. Be2 O-O 11. Qd2 Nbc6 12. Rad1 Nxd4 13. Bxd4 Bxd4 14.
Qxd4 Be6 15. Bf3 Nc6 16. Qf4 Qb6 17. b3 Qc5 18. Nxd5 Bxd5 19. Rxd5 Qxc2 20.
Rd7 Rad8 21. Rxb7 Nd4 22. h4 Qxa2 23. h5 Nxf3+ 24. Qxf3 Qd2 25. hxg6 hxg6
26. Qf6 Rd6 27. Qe7 a5 28. Re1 Rd5 29. Re5 Qc1+ 30. Re1 Rd1 31. Rxd1 Qxd1+
32. Kh2 Qh5+ 33. Kg3 Qd5 34. f3 Rc8 35. Rc7 Rxc7 36. Qxc7 Kg7 37. Qc3+ Kg8
38. Qe3 Kg7 39. Qc3+ Kg8 40. Qc8+ Kg7 41. Qb8 Qc5 42. Kf4 Qf5+ 43. Kg3 Qd5
44. Qb6 Qg5+ 45. Kf2 Qd5 46. Qb8 Qd2+ 47. Kg3 Qd5 48. Qb6 Qg5+ 49. Kf2 Qd5
50. Qb8 Qd2+ 51. Kg3 Qd5 {Game drawn by repetition} 1/2-1/2

[Event "ICC tourney 1987 (15 5)"]
[Site "Internet Chess Club"]
[Date "2020.08.30"]
[Round "7"]
[White "IndianTerritory"]
[Black "GGuseinov"]
[Result "1/2-1/2"]
[ICCResult "Game drawn because neither player has mating material"]
[WhiteElo "2035"]
[BlackElo "2700"]
[Opening "Sicilian: accelerated fianchetto, modern variation with Bc4"]
[ECO "B35"]
[NIC "SI.33"]
[Time "18:01:50"]
[TimeControl "900+5"]

1. e4 c5 2. Nf3 Nc6 3. d4 cxd4 4. Nxd4 g6 5. Nc3 Bg7 6. Be3 Nf6 7. Bc4 O-O
8. O-O d6 9. Nxc6 bxc6 10. f3 Qc7 11. Qe2 Rd8 12. Rad1 a5 13. Bd4 Nd7 14.
Bxg7 Kxg7 15. Kh1 Qb6 16. Na4 Qb4 17. b3 Ne5 18. c3 Qb8 19. Bd3 Nxd3 20.
Qxd3 Qa7 21. c4 Kg8 22. Qd4 Qxd4 23. Rxd4 Be6 24. Rfd1 Rab8 25. c5 Rb4 26.
Rxb4 axb4 27. e5 d5 28. Rd4 Bf5 29. f4 Rb8 30. Nb6 Bb1 31. Rxb4 Bxa2 32. Kg1
Rd8 33. Kf2 d4 34. Ke2 Bb1 35. Nc4 Rd5 36. Rb8+ Kg7 37. b4 Rd7 38. b5 cxb5
39. Rxb5 Be4 40. g4 h6 41. Nd2 Bg2 42. Rb6 Rc7 43. Nb3 Bd5 44. Kd3 Bxb3 45.
Rxb3 Rxc5 46. Kxd4 Rc2 47. h3 Rh2 48. f5 Rf2 49. Ke3 Rf1 50. Ke4 Re1+ 51.
Kd4 h5 52. fxg6 fxg6 53. Kd5 hxg4 54. hxg4 Kh6 55. Rb7 Kg5 56. Rxe7 Kxg4 57.
e6 g5 58. Rf7 Kh3 59. e7 g4 60. Rh7+ Kg2 61. Kd6 g3 62. Rh8 Kg1 63. e8=Q
Rxe8 64. Rxe8 g2 65. Rg8 Kf1 66. Rxg2 Kxg2
{Game drawn because neither player has mating material}
1/2-1/2

[Event "ICC tourney 1987 (15 5)"]
[Site "Internet Chess Club"]
[Date "2020.08.30"]
[Round "7"]
[White "tedchen"]
[Black "ulanru2020"]
[Result "1-0"]
[ICCResult "Black resigns"]
[WhiteElo "2288"]
[BlackElo "2250"]
[Opening "Queen's Indian: Yates variation"]
[ECO "E16"]
[NIC "QI.06"]
[Time "18:01:29"]
[TimeControl "900+5"]

1. d4 Nf6 2. c4 e6 3. Nf3 b6 4. g3 Bb7 5. Bg2 Bb4+ 6. Bd2 a5 7. O-O O-O 8.
a3 Be7 9. Nc3 Ne4 10. Qc2 Nxc3 11. Bxc3 f5 12. d5 Na6 13. Rad1 Qc8 14. Rfe1
Nc5 15. Nd4 Bf6 16. Nb5 Bxc3 17. Nxc3 a4 18. e4 f4 19. e5 f3 20. Bh1 Qe8 21.
Nb5 Rc8 22. Nd4 exd5 23. Nxf3 dxc4 24. Ng5 Qh5 25. Bxb7 Nxb7 26. Qxc4+ Kh8
27. f4 Nc5 28. Ne4 Ne6 29. Nf2 Qg6 30. Kh1 Rf7 31. Qxa4 c6 32. Qe4 Qh5 33.
Rd2 Rcf8 34. Qg2 g5 35. f5 Rxf5 36. g4 Rxf2 37. gxh5 Rxg2 38. Kxg2 Rf7 39.
Kg3 h6 40. Red1 Nc5 41. Rd4 Ne6 42. Rxd7 Rf5 43. R1d6 Rxe5 44. Re7 Re3+ 45.
Kf2 Rb3 46. Rdxe6 Rxb2+ 47. Ke3 Rb3+ 48. Ke4 {Black resigns} 1-0

[Event "ICC tourney 1987 (15 5)"]
[Site "Internet Chess Club"]
[Date "2020.08.30"]
[Round "7"]
[White "Aleksandrov73"]
[Black "jy2020"]
[Result "1-0"]
[ICCResult "Black resigns"]
[WhiteElo "2711"]
[BlackElo "2246"]
[Opening "Nimzo-Indian: 4.e3 O-O, 5.Bd3"]
[ECO "E47"]
[NIC "NI.07"]
[Time "18:01:22"]
[TimeControl "900+5"]

1. d4 Nf6 2. c4 e6 3. Nc3 Bb4 4. e3 O-O 5. Bd3 c5 6. Nf3 d6 7. O-O Bxc3 8.
bxc3 Nc6 9. e4 e5 10. h3 Re8 11. d5 Ne7 12. Kh2 Ng6 13. g3 Rf8 14. Qc2 Ne8
15. Ng1 Bd7 16. f4 exf4 17. gxf4 f5 18. Nf3 fxe4 19. Bxe4 Qc8 20. Bxg6 hxg6
21. Qxg6 Bxh3 22. Rg1 Bf5 23. Qg3 Qd7 24. Nh4 Rf7 25. Qg5 Nc7 26. Bd2 Raf8
27. Rae1 b5 28. cxb5 c4 29. a4 Nxd5 30. Rg3 Qd8 31. Reg1 Qxg5 32. Rxg5 Ne7
33. Be3 g6 34. Bxa7 Bd3 35. a5 Rxf4 36. R5g4 Rf2+ 37. Bxf2 Rxf2+ 38. R1g2
Rf1 39. a6 Ra1 40. Rb2 Nd5 41. Nxg6 Nf6 42. Rgg2 Kf7 43. Nf4 Be4 44. b6 Bxg2
45. Kxg2 Rxa6 46. b7 Nd7 47. b8=Q Nxb8 48. Rxb8 Ra3 49. Ne2 d5 50. Kf2 Ke6
51. Ke3 Ke5 52. Re8+ Kd6 53. Kd4 Ra2 54. Nf4 Rd2+ 55. Ke3 Rc2 56. Ne2 Kc5
57. Rc8+ Kd6 58. Rc6+ Kd7 59. Ra6 Kc7 60. Ra3 Kd6 61. Nd4 Rc1 62. Ra6+ Kd7
63. Nb5 Rd1 64. Kf4 Ke7 65. Ke5 d4 66. Nxd4 Rd3 67. Ra3 Kd7 68. Kd5 Kc7 69.
Kxc4 Rh3 70. Ra7+ Kb6 71. Re7 Rg3 72. Kb4 Rd3 73. Rd7 Rd1 74. Rd6+ Kc7 75.
Nb5+ {Black resigns} 1-0

[Event "ICC tourney 1987 (15 5)"]
[Site "Internet Chess Club"]
[Date "2020.08.30"]
[Round "7"]
[White "espark"]
[Black "funplaychess"]
[Result "1-0"]
[ICCResult "Black resigns"]
[WhiteElo "2335"]
[BlackElo "2356"]
[Opening "Sicilian: Najdorf"]
[ECO "B90"]
[NIC "SI.14"]
[Time "18:01:26"]
[TimeControl "900+5"]

1. e4 c5 2. Nf3 d6 3. d4 cxd4 4. Nxd4 Nf6 5. Nc3 a6 6. Nb3 g6 7. Be2 Bg7 8.
g4 Nc6 9. g5 Nd7 10. h4 b5 11. h5 Bb7 12. Be3 Nb6 13. a3 Na4 14. Nxa4 bxa4
15. Nd4 Nxd4 16. Bxd4 e5 17. Be3 Bxe4 18. Bf3 Bxf3 19. Qxf3 Rc8 20. O-O-O
Qd7 21. Qd5 Qc6 22. Qxc6+ Rxc6 23. h6 Bf8 24. Rh4 Kd7 25. Rxa4 Ke6 26. Ra5
Be7 27. f4 Rhc8 28. c3 Bd8 29. Rad5 Bb6 30. Bxb6 Rxb6 31. fxe5 dxe5 32. Ra5
Rc7 33. Rdd5 Rb5 34. Raxb5 axb5 35. Rxb5 Rd7 36. a4 f5 37. gxf6 Kxf6 38. c4
g5 39. Rd5 Rf7 40. Kd2 g4 41. Ke3 Kg5 42. Rxe5+ Kh4 43. Re8 g3 44. b4 Rf1
45. Rg8 Ra1 46. a5 Ra4 47. b5 Rxa5 48. b6 Ra3+ 49. Kd4 Rb3 50. c5 Kh3 51.
Kd5 g2 52. Rxg2 Kxg2 53. Kc6 Kf3 54. Kb7 Ke4 55. c6 Kd5 56. c7 Rc3 57. c8=Q
Rxc8 58. Kxc8 Kc6 59. b7 {Black resigns} 1-0

[Event "ICC tourney 1987 (15 5)"]
[Site "Internet Chess Club"]
[Date "2020.08.30"]
[Round "7"]
[White "gardemarin13"]
[Black "largecrab"]
[Result "0-1"]
[ICCResult "White forfeits on time"]
[WhiteElo "1915"]
[BlackElo "2189"]
[Opening "Sicilian: Grand Prix attack"]
[ECO "B23"]
[NIC "SI.44"]
[Time "18:01:28"]
[TimeControl "900+5"]

1. e4 c5 2. Nc3 Nc6 3. f4 e6 4. Nf3 d5 5. Bb5 Nf6 6. e5 Nd7 7. Bxc6 bxc6 8.
d3 Be7 9. O-O O-O 10. Re1 h6 11. Ne2 Bb7 12. c4 d4 13. Ng3 Bh4 14. Nxh4 Qxh4
15. Ne4 Rfd8 16. g3 Qe7 17. b3 a5 18. Nd6 Nb6 19. Ba3 Nc8 20. Bxc5 Nxd6 21.
exd6 Rxd6 22. Qh5 Qd8 23. Bxd6 Qxd6 24. c5 Qe7 25. Qe5 Rd8 26. f5 Rd5 27.
Qb8+ Kh7 28. fxe6 fxe6 29. Re5 Rd8 30. Qa7 Ra8 31. Qb6 Ra6 32. Rxe6 Qxe6 33.
Qxb7 Qe3+ 34. Kg2 Qxd3 35. Rf1 Qe4+ 36. Kg1 Qe3+ 37. Rf2 Qe1+ 38. Kg2 Qe4+
39. Kh3 Qe6+ 40. Kg2 Qe4+ 41. Kh3 Qe6+ 42. Kg2 Qe4+ 43. Kh3 Qe6+ 44. g4 h5
45. Rg2 Qe3+ 46. Rg3 Qe2 47. Qc8 Qf1+ 48. Kh4 Qf6+ 49. g5 Qf4+ 50. Kh3 Qf1+
51. Kh4 Qf4+ 52. Kh3 Qf1+ 53. Kh4 Qf4+ 54. Kh3 Qf1+ {White forfeits on time}
0-1

[Event "ICC tourney 1987 (15 5)"]
[Site "Internet Chess Club"]
[Date "2020.08.30"]
[Round "7"]
[White "marble"]
[Black "Mookmookarmy"]
[Result "1-0"]
[ICCResult "Black checkmated"]
[WhiteElo "2549"]
[BlackElo "2255"]
[Opening "French: Tarrasch, open variation"]
[ECO "C07"]
[NIC "FR.18"]
[Time "18:01:23"]
[TimeControl "900+5"]

1. e4 e6 2. d4 d5 3. Nd2 c5 4. Ngf3 cxd4 5. Nxd4 Nc6 6. Bb5 Bd7 7. Nxc6 bxc6
8. Bd3 Bd6 9. Qe2 Qb8 10. Nf3 Ne7 11. e5 Bc7 12. O-O c5 13. c4 d4 14. Bf4
Bc6 15. Be4 Qb7 16. Bxc6+ Nxc6 17. Bg3 Rb8 18. b3 O-O 19. Ne1 Ne7 20. Nd3
Qc6 21. h3 a5 22. Rab1 Rb7 23. Rb2 Rfb8 24. Rfb1 Nc8 25. Bh4 Nb6 26. Qg4 Kh8
27. Qh5 Bd8 28. Bxd8 Rxd8 29. Re1 a4 30. Rbe2 axb3 31. axb3 Rc8 32. Re4 Qe8
33. Rh4 Qg8 34. Qf3 Ra7 35. Ree4 Nd7 36. Rh5 Qe8 37. Reh4 Nf8 38. Qe4 g6 39.
Rh6 Qe7 40. Rf4 Rb7 41. Nc1 Ra7 42. Kh2 Ra1 43. Nd3 Rb8 44. Qc6 Ra5 45. Nc1
Qg5 46. Rhh4 Qxe5 47. Nd3 Qg5 48. Qc7 Rba8 49. Qxf7 R5a7 50. Qf6+ Qxf6 51.
Rxf6 g5 52. Re4 Kg7 53. Rf3 Rf7 54. Rxf7+ Kxf7 55. Nxc5 Rd8 56. Nd3 Ng6 57.
b4 Kf6 58. b5 e5 59. b6 Ke6 60. Re1 Kd6 61. c5+ Kc6 62. Rb1 e4 63. Nb4+ Kb7
64. Ra1 Rc8 65. Ra7+ Kb8 66. Na6# {Black checkmated} 1-0